 Dungeon Crawl Stone Soup version 0.30-a0-414-gcb316572d5 (webtiles) character file.

Game seed: 16771117589536851085

459 NinjaNoafa the Spear-Bearer (level 6, 0/51 HPs)
             Began as a Minotaur Fighter on Dec 7, 2022.
             Succumbed to a hornet's poison
             ... on level 4 of the Dungeon.
             The game lasted 00:04:35 (3475 turns).

NinjaNoafa the Spear-Bearer (Minotaur Fighter)      Turns: 3475, Time: 00:04:36

Health: 0/51       AC:  9    Str: 20    XL:     6   Next: 78%
Magic:  5/5        EV:  9    Int:  5    God:
Gold:   151        SH:  4    Dex: 12    Spells: 5/5 levels left

rFire   . . .      SeeInvis .    a - +0 trident
rCold   . . .      Faith    .    c - +0 buckler
rNeg    . . .      Spirit   .    b - +0 scale mail
rPois   +          Reflect  .    (helmet restricted)
rElec   .          Harm     .    q - +2 cloak
rCorr   .          Rampage  .    (no gloves)
Will    .....                    t - +1 pair of boots
Stlth   ..........               (no amulet)
HPRegen 0.28/turn                (no ring)
MPRegen 0.09/turn                (no ring)

@: mighty, lethally poisoned (0 -> -3), slowed, invisible, very slow
A: horns 2, retaliatory headbutt, deformed body, poison resistance, MP-powered
wands
a: no special abilities


You were on level 4 of the Dungeon.
You visited 1 branch of the dungeon, and saw 4 of its levels.

You collected 151 gold pieces.

Inventory:

Hand Weapons
 a - a +0 trident (weapon)
Missiles
 g - 44 stones (quivered)
 v - 2 javelins
 y - 2 boomerangs
Armour
 b - a +0 scale mail (worn)
 c - a +0 buckler (worn)
 q - a +2 cloak (worn)
 t - a +1 pair of boots (worn)
Scrolls
 f - 2 scrolls of butterflies {unknown}
 j - a scroll of poison {unknown}
 k - 3 scrolls of teleportation
 n - a scroll of vulnerability {unknown}
 o - 3 scrolls of brand weapon {unknown}
Potions
 d - a potion of might
 m - a potion of haste
 p - 2 potions of berserk rage
 u - a potion of attraction {unknown}
 w - a potion of cancellation {unknown}
 x - a potion of magic {unknown}


   Skills:
 - Level 3.6 Fighting
 + Level 8.9 Polearms
 - Level 3.6 Armour
 - Level 3.6 Shields


You had 5 spell levels left.
You didn't know any spells.
Your spell library contained the following spells:

 Spells                   Type           Power      Damage    Failure   Level
 Tukima's Dance           Hex            0%         N/A       99%         3
 Passage of Golubria      Tloc           0%         N/A       100%        4
 Yara's Violent Unravell  Hex/Tmut       0%         3d3       100%        5


Dungeon Overview and Level Annotations

Branches:
Dungeon (4/15)
 Temple: D:4-7

Altars:
Cheibriados
Qazlal

Shops:
D:2 [


Innate Abilities, Weirdness & Mutations

You have a pair of horns on your head.
You reflexively headbutt those who attack you in melee.
Armour fits poorly on your strangely shaped body.
Your system is resistant to poisons. (rPois)
You expend magic power (3 MP) to strengthen your wands.


Message History

You aren't carrying any items that you can evoke.
Unknown command.
It was a potion of invisibility.
You fade into invisibility!
* * * LOW HITPOINT WARNING * * *
You feel very sick.
The hornet stings you but does no damage.
The hornet closely misses you.
The hornet stings you but does no damage.
It was a potion of heal wounds.
You feel much better.
You feel very sick. The hornet stings you!
You are more poisoned.
You feel as though you will be slow longer.
The hornet closely misses you.
You feel much better.
You feel very sick. The hornet stings you!
You are more poisoned.
You feel as though you will be slow longer.
The hornet stings you!
You feel as though you will be slow longer.
It was a potion of curing.
You feel better. The hornet stings you.
You are poisoned.
You feel as though you will be slow longer.
The hornet stings you!
You feel as though you will be slow longer.
You fade further into invisibility.
You feel very sick. The hornet stings you.
* * * LOW HITPOINT WARNING * * *
You feel as though you will be slow longer.
The hornet stings you but does no damage.
You feel sick. The hornet closely misses you. The hornet stings you!
* * * LOW HITPOINT WARNING * * *
You feel as though you will be slow longer.
It was a potion of mutation.
You feel extremely strange.
Your body twists and deforms.
You feel resistant to poisons.
You feel your magical essence link to the dungeon's wands.
You die...

##.# #...))...###.#
##.. #..#
#..##########.##
#..# #..## ##..#
##....# ##.##
##..#####..##
#.....###..##
#.........#
##......##...#
###.......#
#........#...#
#####..###
###.#####......#
##...####..##
##.....#
#.....y@...#
#..#...
########...#####..#
#..###.
#........### ##.##
#..# ## #....##...#
##>.# ##.# #..#
##### #...####
#.### #.
#####......##
##..##
#........#..# ##..#
#####..####.## ##..
#.<# ##.####..#


You could see a hornet (unable to see you).

Vanquished Creatures
  A steam dragon (D:4)
  A black bear (D:4)
  A centaur (D:4)
  A jelly (D:4)
  An orc priest (D:4)
  An iguana (D:4)
  A gnoll (D:1)
  An adder (D:2)
  A dart slug (D:2)
  9 orcs
  5 ball pythons
  3 bats
  5 endoplasms
  A giant cockroach (D:1)
  7 goblins
  6 hobgoblins
  2 frilled lizards
  8 kobolds
  4 rats
59 creatures vanquished.

Notes
Turn   | Place    | Note
-------+----------+-------------------------------------------
     0 | D:1      | NinjaNoafa the Minotaur Fighter began the quest for the
                  | Orb.
     0 | D:1      | Reached XP level 1. HP: 19/19 MP: 0/0
   284 | D:1      | Reached skill level 3 in Polearms
   415 | D:1      | Reached XP level 2. HP: 26/26 MP: 1/1
   533 | D:1      | Reached skill level 4 in Polearms
   661 | D:1      | Reached XP level 3. HP: 31/31 MP: 2/2
  1346 | D:2      | Found Xiof's Antique Armour Boutique.
  1598 | D:2      | Reached skill level 5 in Polearms
  2022 | D:3      | Found a stormy altar of Qazlal.
  2464 | D:3      | Found a faded altar of an unknown god.
  2493 | D:4      | Noticed a steam dragon
  2552 | D:4      | Noticed a centaur
  2556 | D:4      | Reached XP level 4. HP: 37/39 MP: 3/3
  2570 | D:4      | Killed a centaur
  2571 | D:4      | Reached skill level 6 in Polearms
  2571 | D:4      | Reached XP level 5. HP: 40/45 MP: 4/4
  2783 | D:4      | Found a snail-covered altar of Cheibriados.
  2883 | D:4      | Killed a steam dragon
  2884 | D:4      | Reached skill level 7 in Polearms
  2884 | D:4      | Reached XP level 6. HP: 7/51 MP: 5/5
  3174 | D:4      | Reached skill level 8 in Polearms
  3456 | D:4      | Noticed a hornet
  3474 | D:4      | HP: 1/51 [hornet (12)]
  3475 | D:4      | Gained mutation: Armour fits poorly on your strangely
                  | shaped body. [potion of mutation]
  3475 | D:4      | Gained mutation: Your system is resistant to poisons.
                  | (rPois) [potion of mutation]
  3475 | D:4      | Gained mutation: You expend magic power (3 MP) to
                  | strengthen your wands. [potion of mutation]
  3475 | D:4      | Succumbed to a hornet's poison

Illustrated notes

Levels and vault maps discovered:
D:1:      minmay_arrival_jagged, layout_loops_corners
D:2:      layout_basic, serial_shops, nicolae_square_shop
D:3:      layout_rooms, nicolae_qazlal_scattered_showers,
          dilly_ecumenical_altar_fadedgnrine
D:4:      layout_layer_cave, lemuel_crystal_altar, grunt_ministairs_4

Skill      XL: |  1  2  3  4  5  6 |
---------------+-------------------+-----
Polearms       | 3 4 5 6 7 8 |  8.9
Fighting       | |  3.6
Armour         | |  3.6
Shields        | |  3.6

Action                   |  1- 3 |  4- 6 || total
-------------------------+-------+-------++-------
Melee: Trident           |   116 |    65 ||   181
       Headbutt          |     8 |     9 ||    17
Throw: Stone             |     2 |       ||     2
  Use: Scroll            |       |     5 ||     5
       Potion            |       |     8 ||     8
Armor: Scale mail        |    33 |    39 ||    72
Dodge: Dodged            |    28 |    31 ||    59
Block: Buckler           |    15 |    11 ||    26

Table legend: (Time is in decaauts)
 A = Elapsed time spent in this place.
 B = Non-inter-level travel time spent in this place.
 C = Inter-level travel time spent in this place.
 D = Time resting spent in this place.
 E = Time spent auto-exploring this place.
 F = Levels seen in this place.
 G = Mean time per level.
                   A        B        C        D        E       F      G
               +--------+--------+--------+--------+--------+-----+--------+
         Total |   3495 |   3365 |    130 |     30 |   2844 |   4 |  873.8 |
       Dungeon |   3495 |   3365 |    130 |     30 |   2844 |   4 |  873.8 |
               +--------+--------+--------+--------+--------+-----+--------+

Top non-repeatable levels by time:
     D:1: 991 daAuts
     D:2: 989 daAuts
     D:4: 948 daAuts
     D:3: 566 daAuts
